 Dungeon Crawl Stone Soup version 0.29.0-4-gdea44cf6ec (webtiles) character file.

Game seed: 4549473256759237232

10619 qw the Cleaver (level 11, -22/89 HPs)
             Began as a Formicid Cinder Acolyte on Sept 4, 2022.
             Was a Believer of Okawaru.
             Annihilated by a catoblepas (23 damage)
             ... on level 15 of the Dungeon.
             The game lasted 00:06:36 (11827 turns).

qw the Cleaver (Formicid Cinder Acolyte)           Turns: 11827, Time: 00:06:36

Health: -22/89     AC: 21    Str: 21    XL:     11   Next: 96%
Magic:  13/14      EV:  9    Int: 14    God:    Okawaru [**....]
Gold:   393        SH:  7    Dex: 15    Spells: 12/12 levels left

rFire   . . .      SeeInvis +   q - +2 morningstar (drain)
rCold   . . .      Faith    .   p - +0 buckler
rNeg    . . .      Spirit   .   f - +0 plate armour
rPois   +          Reflect  .   (helmet unavailable)
rElec   .          Harm     .   k - +0 cloak
rCorr   .          Rampage  .   c - +2 pair of gloves "Fuphesuros" {rPois Will+ Str-2 SInv}
Will    ++...                   (no boots)
Stlth   ..........              (no amulet)
HPRegen 0.24/turn               i - ring of protection from fire
MPRegen 0.14/turn               l - +6 ring of dexterity

@: heroic, fire susceptible
A: permanent stasis, dig shafts and tunnels, antennae 3, four strong arms
a: Dig, Shaft Self, Renounce Religion, Heroism


You were on level 15 of the Dungeon.
You worshipped Okawaru.
Okawaru was pleased with you.
You visited 2 branches of the dungeon, and saw 13 of its levels.

You collected 573 gold pieces.
You spent 180 gold pieces at shops.


Innate Abilities, Weirdness & Mutations

You cannot be hasted, slowed, berserked, paralysed or teleported.
You can dig through walls and to a lower floor.
You have a pair of large antennae on your head. (SInv)
Your four strong arms can wield two-handed weapons with a shield.


   Skills:
 - Level 9.0(14.0) Fighting
 - Level 13.1(18.1) Axes
 - Level 2.1(7.1) Throwing
 - Level 8.0(13.0) Armour
 + Level 2.1(7.1) Dodging
 - Level 6.3(11.3) Shields
 - Level 1.1 Spellcasting
 - Level 3.0 Fire Magic
 - Level 4.1 Invocations


You had 12 spell levels left.
You didn't know any spells.
Your spell library contained the following spells:

 Spells                   Type           Power      Damage    Failure   Level
 Scorch                   Fire           18%        2d5       85%         2

Inventory:

Hand Weapons
 g - a +5 battleaxe
 q - a +2 morningstar of draining (weapon)
Missiles
 o - 5 boomerangs (quivered)
Armour
 c - the +2 pair of gloves "Fuphesuros" (worn) {rPois Will+ Str-2 SInv}
   (You acquired it on level 3 of the Dungeon)

   Str:       It affects your strength (-2).
   rPois:     It protects you from poison.
   SInv:      It lets you see invisible.
   Will:      It increases your willpower.
 f - a +0 plate armour (worn)
 k - a +0 cloak (worn)
 p - a +0 buckler (worn)
 s - a +1 pair of gloves
Jewellery
 i - a ring of protection from fire (left hand)
 j - a +6 ring of strength
 l - a +6 ring of dexterity (right hand)
 m - a ring of resist corrosion
Scrolls
 a - 2 scrolls of identify
Potions
 d - a potion of haste
 e - 2 potions of curing
 h - a potion of resistance
 n - 2 potions of might
 r - a potion of degeneration {unknown}

Dungeon Overview and Level Annotations

Branches:
Dungeon (11/15)            Temple (1/1) D:7            Lair (0/5) D:9
    Orc (0/2) D:9

Altars:
Ashenzari
Cheibriados
Dithmenos
Elyvilon
Fedhas
Gozag
Kikubaaqudgha
Nemelex Xobeh
Okawaru
Qazlal
Ru
Sif Muna
Trog
Vehumet
Wu Jian
Zin
The Shining One

Shops:
D:6 (


Message History

The boggart closely misses you. The catoblepas gores you.
The freezing wraith hits you but does no damage. x2
The phantasmal warrior gestures at you.
The phantasmal warrior blinks!
You block the boggart's attack.
You hit the catoblepas.
The catoblepas is moderately wounded.
You slice the freezing wraith!! You slash the boggart!
You closely miss the fire elemental. The catoblepas closely misses you.
The fire elemental hits you. The fire elemental burns you!
The boggart closely misses you.
The freezing wraith hits you but does no damage. x2
You slice the freezing wraith!!
The freezing wraith is almost destroyed.
You hit the boggart. You closely miss the fire elemental.
You slice the catoblepas!!
The cyan ugly thing is no longer petrified.
The purple ugly thing basks in the mutagenic energy from its kin and changes!
The fire elemental barely misses you. You block the catoblepas's attack.
The boggart barely misses you.
You slice the freezing wraith!!
You destroy the freezing wraith!
The freezing wraith dissolves into shadows!
You barely miss the catoblepas. You slash the boggart!
You kill the boggart!
Okawaru accepts your kill.
You hit the fire elemental.
The six-headed hydra is no longer petrified.
The vampire mosquito is no longer petrified.
The phantasmal warrior gestures at you.
The phantasmal warrior blinks!
The fire elemental hits you. The fire elemental burns you!
You block the catoblepas's attack.
11826 ||| SWAPPING to +2 morningstar of draining.
You sense an unholy aura.
q - a +2 morningstar of draining (weapon)
The fire elemental hits you. The fire elemental burns you!
You hit the catoblepas but do no damage.
You drain the catoblepas.
The catoblepas is severely wounded.
The catoblepas gores you!!
You die...

###### ######+#### #....#
#.........# #....#
#.........#
##....######.........#
............u.p......#
...........ยค..D......###
....00...uy.uWEu.E......
.......W...uCy0Y@W......
.##'##..###########.####
.#...#.{# # .#...#{{#
.#...#{{# .#...#{.#
.#...#.u# .#...#..#
.#...#..#


You could see a death knight (summoned, reflects damage), a catoblepas
(drained), a six-headed hydra, 5 ugly things, a cyclops (summoned), a phantasmal
warrior (summoned), a freezing wraith (summoned), 2 fire elementals and 2
vampire mosquitoes.

Vanquished Creatures
  A centaur warrior (D:8)
  A two-headed ogre (D:9)
  2 tengu warriors (D:8)
  Pikel (D:5)
  2 ugly things
  An elephant (D:9)
  4 trolls
  Prince Ribbit (D:6)
  Sigmund (D:3)
  5 yaks
  3 fire elementals (D:9)
  3 basilisks
  A steam dragon (D:7)
  2 water moccasins (D:6)
  An orc warrior (D:8)
  Duvessa (D:4)
  2 sky beasts (D:7)
  An ice beast (D:8)
  2 ogres
  2 centaurs
  2 boggarts (D:15)
  4 lemures (D:5)
  3 bullfrogs
  3 kobold brigands
  2 necrophages
  A gnoll sergeant (D:8)
  5 scorpions
  3 wights (D:8)
  Dowan (D:4)
  19 killer bees
  2 howler monkeys (D:5)
  2 gnoll boudas
  5 orc priests
  2 hounds (D:6)
  9 iguanas
  8 orc wizards
  3 adders
  14 gnolls
  2 ufetubi
  2 worms
  2 dart slugs
  30 orcs
  5 bats
  3 endoplasms
  4 giant cockroaches
  3 goblins
  5 hobgoblins
  4 jackals (D:3)
  2 quokkas (D:2)
  6 ball pythons
  2 frilled lizards (D:1)
  13 kobolds
  3 rats
211 creatures vanquished.

Vanquished Creatures (others)
  4 plants (D:4)
4 creatures vanquished.

Grand Total: 215 creatures vanquished

Notes
Turn   | Place    | Note
-------+----------+-------------------------------------------
     0 | D:1      | qw the Formicid Cinder Acolyte began the quest for the Orb.
     0 | D:1      | Reached XP level 1. HP: 18/18 MP: 2/2
     0 | D:1      | 0 ||| qw: Version: 0.1-a-102-g441f92d
     0 | D:1      | 0 ||| qw: Game counter: 5303
     0 | D:1      | 0 ||| qw: Always use a shield: true
     0 | D:1      | 0 ||| qw: God list: Okawaru
     0 | D:1      | 0 ||| qw: Allow faded altars: false
     0 | D:1      | 0 ||| qw: Do Orc after D:15 true
     0 | D:1      | 0 ||| qw: Do second Lair branch before Depths: true
     0 | D:1      | 0 ||| qw: Lair rune preference: random
     0 | D:1      | 0 ||| qw: Plans: Normal
     0 | D:1      | 0 ||| PLANNING D:1-11
   175 | D:1      | Reached XP level 2. HP: 16/24 MP: 3/3
   777 | D:1      | 777 ||| UPGRADING to +0 leather armour.
   787 | D:1      | 787 ||| DROPPING +0 robe.
   788 | D:1      | 788 ||| UPGRADING to ring of protection from fire.
   789 | D:1      | 789 ||| READING 2 scrolls labelled QUIREI FIJUJ.
   790 | D:1      | 790 ||| READING scroll labelled GETEIC OTTYNN.
   849 | D:2      | Reached skill level 4 in Axes
   849 | D:2      | Reached XP level 3. HP: 28/29 MP: 4/4
  1211 | D:2      | 1211 ||| Stepping ~*~*~tactically~*~*~ (stealth).
  1216 | D:2      | 1216 ||| Stepping ~*~*~tactically~*~*~ (stealth).
  1538 | D:2      | 1538 ||| INVOKING Fiery Armour.
  1726 | D:2      | Found a faded altar of an unknown god.
  2150 | D:2      | 2150 ||| UPGRADING to +0 ring mail.
  2160 | D:2      | 2160 ||| DROPPING +0 leather armour.
  2161 | D:2      | 2161 ||| UPGRADING to +6 ring of dexterity.
  2162 | D:2      | 2162 ||| READING scroll labelled ENEVUPN BAJULY.
  2206 | D:2      | 2206 ||| DRINKING 2 amethyst potions.
  2207 | D:2      | 2207 ||| READING 2 scrolls of identify.
  2207 | D:2      | 2207 ||| IDENTIFYING pink potion
  2208 | D:2      | 2208 ||| DROPPING potion of ambrosia.
  2241 | D:3      | Reached XP level 4. HP: 35/35 MP: 5/5
  2305 | D:3      | Reached skill level 1 in Dodging
  2324 | D:3      | 2324 ||| DROPPING +0 club.
  2395 | D:3      | Noticed Sigmund
  2411 | D:3      | 2411 ||| INVOKING Fiery Armour.
  2419 | D:3      | Killed Sigmund
  2420 | D:3      | Reached XP level 5. HP: 15/41 MP: 6/6
  2420 | D:3      | Reached XP level 6. HP: 18/47 MP: 7/7
  2820 | D:3      | Found the +7 Throatcutter {drain, coup de grace}
  2821 | D:3      | 2821 ||| INVOKING Fiery Armour.
  2832 | D:3      | Reached skill level 5 in Axes
  2845 | D:3      | Reached XP level 7. HP: 44/52 MP: 8/8
  3016 | D:3      | 3016 ||| DROPPING +0 mace.
  3022 | D:3      | 3022 ||| DROPPING +2 whip of electrocution.
  3241 | D:3      | 3241 ||| UPGRADING to +0 cloak.
  3246 | D:3      | 3246 ||| READING scroll labelled NAAGAR UNOQ.
  3246 | D:3      | Identified a scroll of acquirement
  3246 | D:3      | 3246 ||| ACQUIRING +2 pair of gloves "Fuphesuros" {rPois
                  | Will+ Str-2 SInv}
  3246 | D:3      | Acquired the +2 pair of gloves "Fuphesuros" {rPois Will+
                  | Str-2 SInv}
  3248 | D:3      | 3248 ||| UPGRADING to +2 pair of gloves "Fuphesuros" {rPois
                  | Will+ Str-2 SInv}.
  3253 | D:3      | 3253 ||| READING scroll labelled MAYDDUVADE.
  3254 | D:3      | 3254 ||| DRINKING 2 golden potions.
  3255 | D:3      | 3255 ||| DRINKING 2 smoky black potions.
  3256 | D:3      | 3256 ||| DROPPING potion of invisibility.
  3270 | D:4      | 3270 ||| INVOKING Fiery Armour.
  3286 | D:4      | Reached skill level 6 in Axes
  3470 | D:4      | Noticed Duvessa
  3472 | D:4      | Noticed Dowan
  3473 | D:4      | 3473 ||| INVOKING Fiery Armour.
  3492 | D:4      | Killed Dowan
  3494 | D:4      | Killed Duvessa
  3655 | D:4      | 3655 ||| Stepping ~*~*~tactically~*~*~ (hiding).
  3656 | D:4      | 3656 ||| Stepping ~*~*~tactically~*~*~ (hiding).
  3668 | D:4      | Reached skill level 7 in Axes
  3668 | D:4      | Reached XP level 8. HP: 43/60 MP: 9/9
  3971 | D:4      | 3971 ||| INVOKING Fiery Armour.
  4030 | D:4      | 4030 ||| SWAPPING to +0 hand axe.
  4031 | D:4      | 4031 ||| DROPPING -1 vorpal hand axe.
  4063 | D:4      | Found a stormy altar of Qazlal.
  4063 | D:4      | Found a broken altar of Ashenzari.
  4567 | D:4      | 4567 ||| UPGRADING to +0 chain mail.
  4577 | D:4      | 4577 ||| DROPPING +0 ring mail.
  4578 | D:4      | 4578 ||| READING scroll labelled LIGREYB HIANE.
  4579 | D:4      | 4579 ||| READING scroll labelled SIKHLI NAL POXT.
  4580 | D:4      | 4580 ||| READING 2 scrolls of identify.
  4580 | D:4      | 4580 ||| IDENTIFYING fizzy red potion
  4588 | D:5      | Entered Level 5 of the Dungeon
  4620 | D:5      | 4620 ||| INVOKING Fiery Armour.
  4825 | D:5      | 4825 ||| Stepping ~*~*~tactically~*~*~ (stealth).
  4888 | D:5      | 4888 ||| FLEEEEING.
  4923 | D:5      | 4923 ||| FLEEEEING.
  4924 | D:5      | 4924 ||| FLEEEEING.
  4925 | D:5      | 4925 ||| FLEEEEING.
  4926 | D:5      | 4926 ||| FLEEEEING.
  4984 | D:5      | 4984 ||| Stepping ~*~*~tactically~*~*~ (hiding).
  4986 | D:5      | 4986 ||| Stepping ~*~*~tactically~*~*~ (hiding).
  5005 | D:5      | 5005 ||| INVOKING Fiery Armour.
  5007 | D:5      | Reached skill level 8 in Axes
  5347 | D:5      | 5347 ||| FLEEEEING.
  5348 | D:5      | 5348 ||| Stepping ~*~*~tactically~*~*~ (stealth).
  5349 | D:5      | 5349 ||| FLEEEEING.
  5512 | D:5      | 5512 ||| Stepping ~*~*~tactically~*~*~ (stealth).
  5554 | D:5      | 5554 ||| INVOKING Fiery Armour.
  5557 | D:5      | Reached skill level 9 in Axes
  5557 | D:5      | Reached XP level 9. HP: 31/68 MP: 10/10
  5557 | D:5      | Noticed Pikel
  5558 | D:5      | 5558 ||| Stepping ~*~*~tactically~*~*~ (stealth).
  5587 | D:5      | 5587 ||| Stepping ~*~*~tactically~*~*~ (stealth).
  5603 | D:5      | HP: 17/68 [Pikel/+1 whip of freezing (1)]
  5604 | D:5      | 5604 ||| DRINKING 3 potions of heal wounds.
  5622 | D:5      | Killed Pikel
  6400 | D:5      | 6400 ||| UPGRADING to amulet of guardian spirit.
  6405 | D:5      | 6405 ||| READING scroll labelled NUUQUB CIORAIRGH.
  6406 | D:5      | 6406 ||| READING scroll labelled DAUKISS FA DIK.
  6407 | D:5      | 6407 ||| READING scroll labelled AXIZUL VEWKOA.
  6408 | D:5      | 6408 ||| READING scroll labelled QOSIS WOXZAPI.
  6567 | D:6      | 6567 ||| Stepping ~*~*~tactically~*~*~ (stealth).
  6575 | D:6      | 6575 ||| Stepping ~*~*~tactically~*~*~ (stealth).
  6616 | D:6      | 6616 ||| Stepping ~*~*~tactically~*~*~ (stealth).
  6635 | D:6      | Reached skill level 1 in Throwing
  6923 | D:6      | 6923 ||| Stepping ~*~*~tactically~*~*~ (stealth).
  6925 | D:6      | 6925 ||| Stepping ~*~*~tactically~*~*~ (stealth).
  6927 | D:6      | 6927 ||| Stepping ~*~*~tactically~*~*~ (stealth).
  6947 | D:6      | Noticed Prince Ribbit
  6960 | D:6      | 6960 ||| INVOKING Fiery Armour.
  6962 | D:6      | HP: 18/72 [Prince Ribbit (5)]
  6963 | D:6      | 6963 ||| DRINKING 3 potions of heal wounds.
  6965 | D:6      | Killed Prince Ribbit
  6966 | D:6      | Reached skill level 10 in Axes
  7160 | D:6      | Reached XP level 10. HP: 78/79 MP: 11/11
  7172 | D:6      | 7172 ||| Stepping ~*~*~tactically~*~*~ (hiding).
  7201 | D:6      | 7201 ||| INVOKING Fiery Armour.
  7391 | D:6      | 7391 ||| DROPPING +0 flail.
  7553 | D:6      | 7553 ||| Stepping ~*~*~tactically~*~*~ (stealth).
  7581 | D:6      | 7581 ||| SWAPPING to +0 war axe.
  7585 | D:6      | 7585 ||| DROPPING +1 hand axe.
  7672 | D:6      | Found Pimuxkan's Antique Weapon Emporium.
  7680 | D:6      | 7680 ||| BUYING glowing hand axe (180 gold).
  7680 | D:6      | Bought a glowing hand axe for 180 gold pieces
  7680 | D:6      | 7680 ||| DROPPING +3 vorpal hand axe.
  7698 | D:6      | 7698 ||| READING scroll labelled UCOLLO ZIAHERE.
  7699 | D:6      | 7699 ||| DRINKING 2 orange potions.
  7750 | D:6      | 7750 ||| READING 2 scrolls of identify.
  7750 | D:6      | 7750 ||| IDENTIFYING smoky golden potion
  7751 | D:6      | 7751 ||| DROPPING potion of lignification.
  7752 | D:6      | 7752 ||| DROPPING potion of brilliance.
  7995 | D:7      | 7995 ||| Stepping ~*~*~tactically~*~*~ (stealth).
  8010 | D:7      | Reached skill level 11 in Axes
  8159 | D:7      | 8159 ||| Stepping ~*~*~tactically~*~*~ (hiding).
  8160 | D:7      | 8160 ||| Stepping ~*~*~tactically~*~*~ (hiding).
  8243 | D:7      | Identified the +9 long sword of Scorn {vorpal, rC+}
  8261 | D:7      | Found a staircase to the Ecumenical Temple.
  8275 | D:7      | Identified the +10 whip of Chaos {freeze, Contam rElec
                  | Str+4}
  8277 | D:7      | 8277 ||| DROPPING +1 flail of holy wrath.
  8442 | D:7      | 8442 ||| Stepping ~*~*~tactically~*~*~ (stealth).
  8533 | D:7      | Found a bloodstained altar of Trog.
  8621 | D:7      | 8621 ||| READING 2 scrolls of identify.
  8621 | D:7      | 8621 ||| IDENTIFYING fuming amethyst potion
  8622 | D:7      | 8622 ||| DROPPING potion of attraction.
  8656 | D:8      | 8656 ||| DROPPING +1 mace of holy wrath.
  8742 | D:8      | Noticed a tengu warrior
  8743 | D:8      | 8743 ||| UPGRADING to +0 plate armour.
  8753 | D:8      | 8753 ||| DROPPING +0 chain mail.
  8754 | D:8      | 8754 ||| READING 5 scrolls of identify.
  8754 | D:8      | 8754 ||| IDENTIFYING brown potion
  8755 | D:8      | 8755 ||| READING 4 scrolls of identify.
  8755 | D:8      | 8755 ||| IDENTIFYING emerald potion
  8756 | D:8      | 8756 ||| READING 3 scrolls of identify.
  8756 | D:8      | 8756 ||| IDENTIFYING lumpy black potion
  8757 | D:8      | 8757 ||| DROPPING potion of flight.
  8758 | D:8      | 8758 ||| Stepping randomly (stuck).
  8760 | D:8      | 8760 ||| Stepping randomly (stuck).
  8761 | D:8      | 8761 ||| Stepping randomly (stuck).
  8762 | D:8      | 8762 ||| Stepping randomly (stuck).
  8763 | D:8      | 8763 ||| Stepping randomly (stuck).
  8764 | D:8      | 8764 ||| Stepping randomly (stuck).
  8765 | D:8      | 8765 ||| Stepping randomly (stuck).
  8766 | D:8      | 8766 ||| Stepping randomly (stuck).
  8767 | D:8      | 8767 ||| Stepping randomly (stuck).
  8845 | D:8      | 8845 ||| FLEEEEING.
  8846 | D:8      | 8846 ||| FLEEEEING.
  8847 | D:8      | 8847 ||| FLEEEEING.
  8848 | D:8      | 8848 ||| FLEEEEING.
  8849 | D:8      | 8849 ||| FLEEEEING.
  8861 | D:8      | 8861 ||| INVOKING Fiery Armour.
  8864 | D:8      | HP: 19/80 [tengu warrior/+3 battleaxe (6)]
  8865 | D:8      | 8865 ||| DRINKING 3 potions of heal wounds.
  8865 | D:8      | Killed a tengu warrior
  8866 | D:8      | Reached skill level 6 in Armour
  8872 | D:8      | 8872 ||| FLEEEEING.
  8873 | D:8      | 8873 ||| FLEEEEING.
  8874 | D:8      | 8874 ||| FLEEEEING.
  8875 | D:8      | 8875 ||| FLEEEEING.
  8876 | D:8      | 8876 ||| FLEEEEING.
  8877 | D:8      | 8877 ||| FLEEEEING.
  8878 | D:8      | 8878 ||| FLEEEEING.
  8879 | D:8      | 8879 ||| FLEEEEING.
  8880 | D:8      | 8880 ||| FLEEEEING.
  8881 | D:8      | 8881 ||| FLEEEEING.
  8882 | D:8      | 8882 ||| FLEEEEING.
  8883 | D:8      | 8883 ||| STAIRDANCE
  9139 | D:8      | 9139 ||| SWAPPING to +3 battleaxe.
  9140 | D:8      | 9140 ||| DROPPING +0 war axe.
  9149 | D:8      | 9149 ||| Stepping randomly (stuck).
  9150 | D:8      | 9150 ||| Stepping randomly (stuck).
  9151 | D:8      | 9151 ||| Stepping randomly (stuck).
  9152 | D:8      | 9152 ||| Stepping randomly (stuck).
  9153 | D:8      | 9153 ||| Stepping randomly (stuck).
  9260 | D:8      | Noticed a tengu warrior
  9260 | D:8      | Noticed a centaur warrior
  9269 | D:8      | 9269 ||| INVOKING Fiery Armour.
  9270 | D:8      | Killed a centaur warrior
  9271 | D:8      | Reached skill level 12 in Axes
  9272 | D:8      | Killed a tengu warrior
  9273 | D:8      | Reached XP level 11. HP: 28/86 MP: 4/12
  9522 | D:8      | 9522 ||| Stepping randomly (stuck).
  9523 | D:8      | 9523 ||| Stepping randomly (stuck).
  9524 | D:8      | 9524 ||| Stepping randomly (stuck).
  9710 | D:8      | Noticed a white ugly thing
  9720 | D:8      | Killed a white ugly thing
  9721 | D:8      | Reached skill level 13 in Axes
  9799 | D:8      | 9799 ||| Stepping ~*~*~tactically~*~*~ (hiding).
 10082 | D:8      | 10082 ||| READING scroll of enchant weapon.
 10082 | D:8      | 10082 ||| ENCHANTING +3 battleaxe.
 10126 | D:8      | 10126 ||| Stepping ~*~*~tactically~*~*~ (stealth).
 10128 | D:8      | 10128 ||| Stepping ~*~*~tactically~*~*~ (stealth).
 10137 | D:8      | 10137 ||| Stepping ~*~*~tactically~*~*~ (stealth).
 10139 | D:8      | 10139 ||| Stepping ~*~*~tactically~*~*~ (stealth).
 10141 | D:8      | 10141 ||| Stepping ~*~*~tactically~*~*~ (hiding).
 10402 | D:8      | 10402 ||| Stepping ~*~*~tactically~*~*~ (stealth).
 10403 | D:8      | 10403 ||| Stepping ~*~*~tactically~*~*~ (stealth).
 10406 | D:8      | 10406 ||| Stepping ~*~*~tactically~*~*~ (stealth).
 10408 | D:8      | 10408 ||| Stepping ~*~*~tactically~*~*~ (stealth).
 10409 | D:8      | 10409 ||| Stepping ~*~*~tactically~*~*~ (stealth).
 10536 | D:8      | 10536 ||| DROPPING +10 whip of Chaos {freeze, Contam rElec
                  | Str+4}.
 10537 | D:8      | 10537 ||| UPGRADING to +0 buckler.
 10542 | D:8      | 10542 ||| PLANNING TEMPLE
 10578 | Temple   | Entered the Ecumenical Temple
 10592 | Temple   | 10592 ||| PLANNING CONVERSION TO OKAWARU
 10599 | Temple   | Fell from the grace of Ignis
 10599 | Temple   | Became a worshipper of Warmaster Okawaru
 10600 | Temple   | 10600 ||| PLANNING D:1-11
 10600 | Temple   | 10600 ||| REMOVING amulet of guardian spirit.
 10605 | Temple   | 10605 ||| DROPPING amulet of guardian spirit.
 10683 | D:9      | 10683 ||| STAIRDANCE
 10727 | D:9      | Reached skill level 1 in Shields
 10738 | D:9      | 10738 ||| STAIRDANCE
 10953 | D:9      | Noticed an elephant
 10954 | D:9      | Found a staircase to the Lair.
 10955 | D:9      | 10955 ||| Stepping ~*~*~tactically~*~*~ (hiding).
 10965 | D:9      | Reached skill level 3 in Shields
 10968 | D:9      | 10968 ||| Stepping ~*~*~tactically~*~*~ (hiding).
 10971 | D:9      | 10971 ||| DRINKING potion of cancellation.
 10976 | D:9      | HP: 17/86 [elephant (8)]
 10977 | D:9      | 10977 ||| DRINKING 2 potions of heal wounds.
 10980 | D:9      | Killed an elephant
 10980 | D:9      | Reached * piety under Okawaru
 10981 | D:9      | 10981 ||| INVOKING Heroism.
 11027 | D:9      | 11027 ||| INVOKING Heroism.
 11276 | D:9      | 11276 ||| READING scroll of enchant weapon.
 11276 | D:9      | 11276 ||| ENCHANTING +4 battleaxe.
 11287 | D:9      | Noticed a two-headed ogre
 11288 | D:9      | 11288 ||| INVOKING Heroism.
 11295 | D:9      | Killed a two-headed ogre
 11296 | D:9      | Reached skill level 6 in Shields
 11426 | D:9      | 11426 ||| Stepping ~*~*~tactically~*~*~ (stealth).
 11473 | D:9      | Found a staircase to the Orcish Mines.
 11479 | D:9      | 11479 ||| Stepping ~*~*~tactically~*~*~ (stealth).
 11480 | D:9      | 11480 ||| Stepping ~*~*~tactically~*~*~ (stealth).
 11481 | D:9      | 11481 ||| Stepping ~*~*~tactically~*~*~ (stealth).
 11482 | D:9      | 11482 ||| INVOKING Heroism.
 11488 | D:9      | Reached skill level 1 in Invocations
 11511 | D:9      | 11511 ||| FLEEEEING.
 11539 | D:9      | You fall into a shaft and drop 2 floors!
 11554 | D:11     | 11554 ||| INVOKING Heroism.
 11569 | D:11     | Reached skill level 3 in Invocations
 11647 | D:11     | Noticed a purple ugly thing
 11650 | D:11     | 11650 ||| INVOKING Heroism.
 11657 | D:11     | Killed a purple ugly thing
 11657 | D:11     | Reached ** piety under Okawaru
 11695 | D:11     | You fall into a shaft and drop 3 floors!
 11708 | D:14     | You fall into a shaft and drop 1 floor!
 11708 | D:15     | Entered Level 15 of the Dungeon
 11730 | D:15     | 11730 ||| Stepping ~*~*~tactically~*~*~ (hiding).
 11790 | D:15     | Noticed a six-headed hydra
 11790 | D:15     | Noticed a cyan ugly thing
 11791 | D:15     | 11791 ||| INVOKING Heroism.
 11791 | D:15     | Noticed a cyan ugly thing
 11792 | D:15     | Noticed a cyan ugly thing
 11793 | D:15     | Reached skill level 9 in Fighting
 11793 | D:15     | Noticed a cyan ugly thing
 11793 | D:15     | Noticed a cyan ugly thing
 11794 | D:15     | 11794 ||| SWAPPING to +2 morningstar of draining.
 11797 | D:15     | 11797 ||| Stepping ~*~*~tactically~*~*~ (outnumbered).
 11798 | D:15     | 11798 ||| Stepping ~*~*~tactically~*~*~ (outnumbered).
 11799 | D:15     | 11799 ||| Stepping ~*~*~tactically~*~*~ (outnumbered).
 11800 | D:15     | 11800 ||| Stepping ~*~*~tactically~*~*~ (outnumbered).
 11801 | D:15     | 11801 ||| Stepping ~*~*~tactically~*~*~ (outnumbered).
 11802 | D:15     | 11802 ||| Stepping ~*~*~tactically~*~*~ (outnumbered).
 11803 | D:15     | 11803 ||| Stepping ~*~*~tactically~*~*~ (outnumbered).
 11804 | D:15     | Noticed a cyclops
 11804 | D:15     | 11804 ||| Stepping ~*~*~tactically~*~*~ (outnumbered).
 11805 | D:15     | 11805 ||| Stepping ~*~*~tactically~*~*~ (outnumbered).
 11806 | D:15     | 11806 ||| Stepping ~*~*~tactically~*~*~ (outnumbered).
 11807 | D:15     | 11807 ||| Stepping ~*~*~tactically~*~*~ (outnumbered).
 11808 | D:15     | 11808 ||| Stepping ~*~*~tactically~*~*~ (outnumbered).
 11809 | D:15     | 11809 ||| Stepping ~*~*~tactically~*~*~ (outnumbered).
 11809 | D:15     | Noticed a catoblepas
 11810 | D:15     | 11810 ||| Stepping ~*~*~tactically~*~*~ (cloud).
 11811 | D:15     | 11811 ||| Stepping ~*~*~tactically~*~*~ (outnumbered).
 11812 | D:15     | Noticed a death knight
 11812 | D:15     | Noticed a phantasmal warrior
 11812 | D:15     | 11812 ||| Stepping ~*~*~tactically~*~*~ (cloud).
 11813 | D:15     | 11813 ||| Stepping ~*~*~tactically~*~*~ (outnumbered).
 11814 | D:15     | 11814 ||| Stepping ~*~*~tactically~*~*~ (cloud).
 11815 | D:15     | 11815 ||| INVOKING Heroism.
 11816 | D:15     | 11816 ||| Stepping ~*~*~tactically~*~*~ (outnumbered).
 11817 | D:15     | 11817 ||| Stepping ~*~*~tactically~*~*~ (cloud).
 11819 | D:15     | 11819 ||| Stepping ~*~*~tactically~*~*~ (outnumbered).
 11820 | D:15     | 11820 ||| SWAPPING to +5 battleaxe.
 11821 | D:15     | HP: 20/89 [freezing wraith[a boggart] (6)]
 11821 | D:15     | HP: 5/89 [freezing wraith[a boggart] (15)]
 11822 | D:15     | 11822 ||| DRINKING potion of heal wounds.
 11826 | D:15     | 11826 ||| SWAPPING to +2 morningstar of draining.
 11826 | D:15     | HP: 1/89 [fire elemental[the fiery vengeance of Ignis] (4)]
 11827 | D:15     | Annihilated by a catoblepas

Levels and vault maps discovered:
D:1:      psy_arrival_radial01, layout_basic, chequers_garden,
          corexii_leaking_fountain
D:2:      layout_basic, hellmonk_ecumenical_altar_crossroads
D:3:      layout_loops_ring, dilly_guarded_unrand_throatcut, uniq_sigmund
D:4:      layout_basic, gammafunk_temple_overflow_statue, serial_forest,
          infiniplex_forest_corner_1, infiniplex_forest_straight_5,
          infiniplex_forest_straight_5, infiniplex_forest_lined_3_way,
          infiniplex_forest_lined_1, infiniplex_forest_corner_2,
          infiniplex_forest_straight_5, infiniplex_forest_lined_1,
          infiniplex_forest_clump_medium, serial_bayou_lake_a, uniq_duvessa
D:5:      minmay_evil_eye, layout_loops_ring, uniq_pikel
D:6:      layout_basic, serial_shops, nicolae_shop_waterfront,
          uniq_prince_ribbit1
D:7:      layout_basic, amcnicky_altar_gilded, minmay_temple_entry_slanted
D:8:      layout_layer_cave, chequers_serial_rivers_micro_b, minmay_radiant
D:9:      layout_rooms, david_lair_generic, david_orc_2, minmay_fire_ice_demons
D:11:     layout_basic, uniq_nergalle
D:14:     minmay_mutant_horseshoe, layout_irregular_city, erik_vaults_1,
          roderic_roman_lattice, uniq_rupert
D:15:     gammafunk_enter_depths_forms, layout_irregular_city, serial_shops,
          shop
Temple:   hellmonk_temple_of_storms

Skill      XL: |  1  2  3  4  5  6  7  8  9 10 11 |
---------------+----------------------------------+-----
Axes           | 4 5 7 9 10 12 13 | 13.1
Dodging        | 1 2 |  2.1
Armour         | 4 5 7 8 |  8.0
Fighting       | 4 5 7 8 9 |  9.0
Throwing       | 1 2 |  2.1
Shields        | 6 |  6.3
Invocations    | 4 |  4.1
Spellcasting   | |  1.1
Fire Magic     | |  3.0

Action                   |  1- 3 |  4- 6 |  7- 9 | 10-12 || total
-------------------------+-------+-------+-------+-------++-------
Melee: Hand axe          |    89 |    49 |   433 |    39 ||   610
       Punch             |     1 |       |     3 |     4 ||     8
       War axe           |       |       |       |   103 ||   103
       Battleaxe         |       |       |       |   170 ||   170
       Morningstar       |       |       |       |     3 ||     3
Throw: Boomerang         |       |       |    11 |    50 ||    61
Invok: Fiery Armour      |     1 |     2 |     7 |     3 ||    13
       Heroism           |       |       |       |     8 ||     8
  Use: Scroll            |     4 |       |     9 |     8 ||    21
       Potion            |     1 |       |     4 |     5 ||    10
 Stab: Invisible         |       |       |    11 |       ||    11
Armor: Robe              |     6 |       |       |       ||     6
       Leather armour    |    14 |       |       |       ||    14
       Ring mail         |       |    12 |    59 |       ||    71
       Chain mail        |       |       |   144 |    67 ||   211
       Plate armour      |       |       |       |   211 ||   211
Dodge: Dodged            |    38 |    22 |   181 |   153 ||   394
Block: Buckler           |       |       |       |    44 ||    44

Table legend:
 A = Non-vault XP
 B = Vault XP
 C = Vault XP percentage of total XP
 D = Non-vault monster count
 E = Vault monster count
 F = Vault count percentage of total count
                 A         B        C        D         E       F
            +---------+---------+-------+---------+---------+-------
      Total |    9421 |    5750 |  37.9 |     177 |      27 |  13.2
            +---------+---------+-------+---------+---------+-------
        D:1 |      22 |       0 |   0.0 |      15 |       0 |   0.0
        D:2 |      44 |       0 |   0.0 |      16 |       0 |   0.0
        D:3 |      33 |     440 |  93.0 |      11 |       7 |  38.9
        D:4 |     602 |     204 |  25.3 |      23 |       2 |   8.0
        D:5 |     593 |     932 |  61.1 |      14 |       5 |  26.3
        D:6 |     930 |     274 |  22.8 |      31 |       1 |   3.1
        D:7 |    1149 |       0 |   0.0 |      13 |       0 |   0.0
        D:8 |    1791 |    2811 |  61.1 |      28 |       4 |  12.5
        D:9 |    1804 |    1089 |  37.6 |      16 |       8 |  33.3
       D:11 |    2028 |       0 |   0.0 |       7 |       0 |   0.0
       D:15 |     425 |       0 |   0.0 |       3 |       0 |   0.0
            +---------+---------+-------+---------+---------+-------
